Map: Submarine LE

Players

LiquidClem (Clem) - Winner!

  • Race: Terran Terran
  • League: Master
  • Spawn Location: 5:00

Spatz

  • Race: Protoss Protoss
  • League: Master
  • Spawn Location: 11:00

Event: DreamHack SC2 Masters 2020 Summer Europe

VOD

Have the link to the VOD?

Description

Time

  • Played on: June 26, 2020, 12:31 p.m.
  • Length: 8:57

All games in this series

Show
View Real Time Build Order
Export as new Build Order

LiquidClem Terran - Winner!

Build Orders: Reaper Expand 

Get SALT Encoding   

  12  0:00  SCV  
  13  0:12  SCV  
  14  0:17  Supply Depot  
  14  0:24  SCV  
  15  0:38  SCV  
  15  0:39  Barracks  
  16  0:43  Refinery  
  16  0:50  SCV  
  17  1:02  SCV  
  18  1:14  SCV  
  19  1:26  Orbital Command, Reaper  
  20  1:46  Command Center  
  20  1:52  SCV  
  21  1:58  Marine  
  22  2:02  Factory  
  22  2:05  SCV  
  23  2:08  Supply Depot  
  23  2:21  Barracks Reactor  
  23  2:28  Bunker  
  23  2:30  SCV  
  23  2:36  Refinery  
  24  2:42  SCV  
  25  2:46  Hellion  
  27  2:54  SCV  
  26  2:58  Marine  
  26  2:59  Starport, Marine  
  28  3:06  SCV  
  28  3:09  Factory Tech Lab  
  28  3:16  Orbital Command  
  28  3:17  Marine  
  28  3:18  Marine  
  28  3:19  SCV  
  31  3:31  SCV  
  32  3:37  Marine x2  
  32  3:38  Factory Tech Lab  
  34  3:42  Supply Depot  
  34  3:43  SCV  
  34  3:44  SCV  
  36  3:50  Raven  
  36  3:54  Marine  
  36  3:55  Marine, SCV  
  41  3:56  SCV  
  42  4:07  SCV, Barracks  
  42  4:08  Barracks  
  43  4:14  Siege Tank  
  43  4:16  SCV  
  47  4:20  Supply Depot  
  47  4:23  SCV  
  47  4:25  Marine  
  47  4:27  Marine  
  50  4:31  SCV  
  50  4:35  SCV  
  51  4:40  Engineering Bay  
  51  4:41  Refinery  
  51  4:43  Marine, SCV  
  51  4:45  Marine  
  54  4:48  Siege Tank  
  54  4:51  SCV  
  58  4:56  Supply Depot, SCV  
  57  5:01  Marine  
  57  5:02  Marine  
  57  5:05  Barracks Tech Lab  
  57  5:06  Marauder  
  61  5:08  SCV  
  61  5:12  Stimpack  
  62  5:17  Supply Depot, SCV  
  62  5:19  Marine  
  62  5:20  Marine  
  65  5:22  SCV  
  65  5:24  Marine  
  65  5:28  Marauder  
  69  5:29  SCV  
  69  5:34  SCV  
  69  5:39  Starport Reactor  
  69  5:41  Terran Infantry Weapons Level 1  
  69  5:43  Marauder  
  69  5:48  Marine x2  
  69  5:49  Marauder  
  75  5:50  SCV  
  72  5:58  SCV  
  72  5:59  Siege Tank  
  72  6:02  SCV  
  75  6:04  Marauder  
  75  6:07  Supply Depot, Marine  
  78  6:12  Combat Shield  
  78  6:16  SCV  
  78  6:17  Refinery, Marauder, Marine  
  78  6:24  Supply Depot, SCV  
  77  6:28  Marauder, Medivac  
  77  6:29  SCV  
  77  6:32  Supply Depot, Marine  
  82  6:36  SCV  
  82  6:38  Marauder  
  82  6:39  Supply Depot  
  86  6:42  Marine  
  86  6:45  SCV  
  87  6:48  SCV  
  87  6:50  Supply Depot  
  87  6:52  Refinery, Marine  
  83  6:55  Marauder  
  83  6:56  Medivac  
  83  6:59  SCV  
  88  7:02  Medivac  
  88  7:04  Marine  
  88  7:06  Marauder  
  90  7:14  Concussive Shells  
  90  7:17  Supply Depot  
  90  7:18  Marine  
  90  7:19  Marauder  
  91  7:25  Siege Tank  
  91  7:26  Marine  
  91  7:27  Marauder  
  97  7:36  Marine  
  95  7:40  Marauder, Barracks  
  95  7:41  Barracks  
  95  7:42  Supply Depot  
  97  7:46  Marine, Medivac  
  97  7:48  Medivac  
  97  7:50  Marauder  
  100  7:57  Marine  
  100  7:58  Supply Depot  
  101  8:00  Siege Tank  
  104  8:13  Command Center  
  104  8:15  Marine  
  104  8:16  Marine  
  104  8:17  Marauder  
  108  8:20  Marauder  
  110  8:28  Marine x2  
  112  8:37  Marine  
Show
View Real Time Build Order
Export as new Build Order

Spatz Protoss 

Build Orders: 1 Gate Expand, Blink Stalkers 

Get SALT Encoding   

  12  0:00  Probe  
  13  0:12  Probe  
  14  0:17  Pylon  
  14  0:22  Probe  
  15  0:31  Probe  
  16  0:36  Gateway  
  16  0:39  Probe  
  16  0:45  Assimilator  
  17  0:51  Probe  
  18  1:03  Probe  
  19  1:15  Probe  
  20  1:23  Cybernetics Core  
  20  1:35  Nexus  
  20  1:44  Pylon  
  20  1:46  Probe  
  21  1:50  Assimilator  
  21  1:52  Adept  
  22  2:04  Warp Gate  
  23  2:10  Shield Battery, Probe  
  23  2:12  Stalker  
  26  2:23  Probe  
  27  2:35  Probe  
  28  2:47  Twilight Council  
  28  2:48  Probe  
  29  2:51  Probe  
  30  2:59  Probe  
  30  3:00  Probe  
  32  3:07  Probe  
  32  3:12  Probe  
  34  3:14  Blink, Robotics Facility  
  34  3:21  Gateway  
  34  3:23  Gateway  
  34  3:33  Probe x2  
  34  3:42  Pylon  
  34  3:45  Probe  
  34  3:46  Probe  
  36  3:53  Stalker  
  38  3:57  Probe  
  38  3:58  Gateway  
  38  4:01  Observer  
  40  4:06  Probe  
  40  4:09  Probe  
  42  4:17  Warp Prism  
  42  4:18  Stalker  
  42  4:19  Stalker  
  42  4:21  Stalker  
  49  4:30  Probe  
  51  4:35  Pylon, Probe  
  52  4:40  Assimilator  
  52  4:43  Assimilator  
  52  4:45  Probe  
  52  4:48  Pylon  
  53  4:56  Stalker x2  
  53  4:58  Stalker  
  59  5:01  Probe  
  59  5:02  Probe  
  59  5:04  Observer  
  62  5:10  Pylon  
  62  5:14  Probe  
  63  5:20  Stalker  
  63  5:21  Stalker x2  
  69  5:27  Probe  
  68  5:38  Probe  
  68  5:41  Assimilator, Pylon  
  69  5:43  Robotics Bay  
  69  5:44  Stalker x2  
  69  5:47  Probe  
  70  6:04  Probe x2  
  70  6:05  Stalker x2  
  70  6:08  Stalker x2  
  76  6:21  Probe  
  74  6:32  Stalker x4  
  76  6:36  Nexus  
  81  6:40  Colossus  
  81  6:50  Charge  
  79  7:00  Pylon x2  
  79  7:01  Forge  
  77  7:16  Stalker x4  
  84  7:30  Probe  
  85  7:39  Stalker x3  
  85  7:40  Stalker  
  90  7:48  Probe  
  90  7:49  Probe  
  90  7:50  Probe  
  85  8:00  Probe  
  85  8:01  Probe  
  85  8:02  Probe  
  87  8:10  Zealot x3  
  87  8:11  Zealot  
  101  8:22  Pylon  
  101  8:31  Zealot x4  
Tags
 
Add a new tag
Caveats
  • Supply blocks, unpowered buildings, or Contaminate may cause inaccurate times.
  • Supply counts are checked every 10 seconds.